 Dungeon Crawl Stone Soup version 0.28-a0-802-g09f76e8c00 (webtiles) character file.

Game seed: 15495443987489280667

223 kae the Caller (level 6, -3/35 HPs)
             Began as a Tengu Summoner on Nov 6, 2021.
             Succumbed to a kobold brigand's curare-tipped dart
             ... in a sewer.
             The game lasted 00:02:49 (4970 turns).

kae the Caller (Tengu Summoner)                     Turns: 4970, Time: 00:02:50

Health: -3/35      AC:  2    Str:  8    XL:     6   Next: 0%
Magic:  8/11       EV: 15    Int: 18    God:
Gold:   133        SH:  0    Dex: 14    Spells: 2/11 levels left

rFire   . . .      SeeInvis .   d - +3 dagger (speed)
rCold   . . .      Faith    .   (no shield)
rNeg    . . .      Spirit   .   a - +0 robe
rPois   .          Reflect  .   (helmet restricted)
rElec   .          Harm     .   f - scarf {+Inv}
rCorr   .          Rampage  .   (no gloves)
Will    .....                   (boots unavailable)
Stlth   ++........              (no amulet)
HPRegen 0.11/turn               (no ring)
MPRegen 0.12/turn               (no ring)

@: lethally poisoned (-3 -> -22), flying quickly and evasively, slowed, very
slow
A: beak, talons 3, nimble flight
a: Evoke Invisibility


You were in a sewer.
You visited 1 branch of the dungeon, and saw 3 of its levels.
You also visited: Sewer.

You collected 133 gold pieces.

Inventory:

Hand Weapons
 c - a +0 dagger
 d - a +3 dagger of speed (weapon)
Armour
 a - a +0 robe (worn)
 f - a scarf of invisibility (worn)
Jewellery
 j - a ring of fire
Wands
 i - a wand of charming (4)
Scrolls
 h - 2 scrolls of summoning {unknown}
 k - a scroll of amnesia {unknown}
Potions
 e - a potion of heal wounds {unknown}
 g - a potion of haste {unknown}


   Skills:
 + Level 2.2 Fighting
 + Level 3.4 Dodging
 - Level 2.0 Stealth
 + Level 3.0 Spellcasting
 * Level 0.4 Hexes
 * Level 6.3 Summonings


You had 2 spell levels left.
You knew the following spells:

 Your Spells              Type           Power      Damage    Failure   Level
a - Summon Small Mammal   Summ           100%       N/A       1%          1
b - Call Imp              Summ           25%        N/A       1%          2
c - Call Canine Familiar  Summ           25%        N/A       3%          3
d - Summon Guardian Gole  Hex/Summ       14%        N/A       12%         3

Your spell library contained the following spells:

 Spells                   Type           Power      Damage    Failure   Level
 Summon Lightning Spire   Summ/Air       14%        N/A       41%         4


Dungeon Overview and Level Annotations

Branches:
Dungeon (3/15)              Sewer (1/1)

Altars:
Xom


Innate Abilities, Weirdness & Mutations

You have a beak for a mouth.
You have claws for feet.
Your magical nature lets you fly swiftly and evasively.


Message History

The jackal closely misses you.
You completely miss the jackal. Your kick misses the jackal.
You peck the jackal.
The jackal is severely wounded.
The jackal completely misses you.
You hit the kobold but do no damage.
The kobold splashes around in the water.
Your crimson imp blinks!
You hit the jackal.
The jackal is almost dead.
The jackal bites you.
The kobold throws a stone.
The stone barely misses you.
You hit the jackal.
You kill the jackal!
The kobold barely misses you.
The kobold brigand throws a curare-tipped dart.
The curare-tipped dart hits you.
You are lethally poisoned!
You have difficulty breathing.
You feel yourself slow down.
You have reached level 6!
Your experience leads to an increase in your attributes!
Increase (S)trength, (I)ntelligence, or (D)exterity?
You feel clever.
You feel better.
The kobold splashes around in the water.
The kobold throws a stone.
The stone hits you. The kobold hits you with a +0 club.
The kobold brigand throws a curare-tipped dart.
The curare-tipped dart hits you.
You are poisoned.
You have difficulty breathing.
You feel as though you will be slow longer.
* * * LOW HITPOINT WARNING * * *
You feel very sick.
The kobold brigand throws a curare-tipped dart.
The curare-tipped dart hits you.
You are lethally poisoned!
You have difficulty breathing.
* * * LOW HITPOINT WARNING * * *
You feel as though you will be slow longer.
You die...

#.≈≈≈≈≈.# #..≈≈≈≈≈#
#≈≈≈≈5≈)############
#≈.≈≈≈≈≈≈≈≈≈≈≈≈≈≈≈≈≈
#..≈≈≈K≈############
##.K≈≈.## #.≈≈K.#
###.≈≈≈≈# #∩..@≈≈.#
###.≈≈≈.# #.≈≈≈.#
##≈≈≈## #≈≈≈# #≈≈≈#
#≈≈≈# #≈≈≈# ##≈≈#


You could see a kobold brigand, 2 kobolds and a friendly crimson imp (summoned).

Vanquished Creatures
  2 gnolls (D:2)
  5 adders
  3 river rats
  A worm (D:2)
  An orc (D:2)
  3 endoplasms
  2 giant cockroaches (D:2)
  4 hobgoblins
  7 jackals
  7 kobolds
  A quokka (D:3)
  3 ball pythons
  2 bats
  3 frilled lizards
  3 goblins
  8 rats
55 creatures vanquished.

Vanquished Creatures (collateral kills)
  An orc priest (D:2)
  A gnoll (D:2)
  An adder (D:2)
  A river rat (D:3)
  4 orcs (D:2)
  An endoplasm (D:3)
  A giant cockroach (D:3)
  A goblin (D:2)
  A hobgoblin (D:2)
  2 jackals
  2 quokkas
  A bat (D:3)
  A rat (Sewer)
18 creatures vanquished.

Grand Total: 73 creatures vanquished

Notes
Turn   | Place    | Note
-------+----------+-------------------------------------------
     0 | D:1      | kae the Tengu Summoner began the quest for the Orb.
     0 | D:1      | Reached XP level 1. HP: 10/10 MP: 4/4
    52 | D:1      | Found a faded altar of an unknown god.
   867 | D:1      | Reached skill level 5 in Summonings
   885 | D:1      | Reached XP level 2. HP: 16/16 MP: 6/6
   970 | D:1      | Learned a level 2 spell: Call Imp
  1986 | D:2      | Reached skill level 1 in Fighting
  1986 | D:2      | Reached XP level 3. HP: 13/20 MP: 3/7
  1990 | D:2      | Learned a level 3 spell: Call Canine Familiar
  2298 | D:2      | Reached XP level 4. HP: 19/25 MP: 5/8
  3600 | D:2      | Reached skill level 6 in Summonings
  3600 | D:2      | Gained mutation: Your magical nature lets you fly swiftly
                  | and evasively. [Tengu growth]
  3600 | D:2      | Reached XP level 5. HP: 14/30 MP: 4/10
  3868 | D:2      | Found a shimmering altar of Xom.
  4625 | D:3      | Learned a level 3 spell: Summon Guardian Golem
  4729 | D:3      | Found a glowing drain.
  4758 | Sewer    | Entered a sewer
  4937 | Sewer    | Noticed a kobold brigand
  4967 | Sewer    | Reached XP level 6. HP: 15/35 MP: 7/11
  4970 | Sewer    | Succumbed to a kobold brigand's curare-tipped dart

Illustrated notes

Levels and vault maps discovered:
D:1:      dpeg_arrival_round_b, layout_basic, dreamdust_ecumenical_altar_grove,
          serial_glass, glass_columns_a, glass_columns_a, glass_columns_b
D:2:      cheibrodos_pilgrimage, layout_basic, basic_altar,
          chequers_serial_rivers_micro_b, solitary_fountain
D:3:      layout_rooms, grunt_temple_overflow_champion_of_chaos,
          gammafunk_ghost_smash, portal_sewer_entry_a, kennysheep_nub
Sewer:    sewer_kobolds

Skill      XL: |  1  2  3  4  5 |
---------------+----------------+-----
Summonings     | 5 6 |  6.3
Fighting       | 1 2 |  2.2
Dodging        | 3 |  3.4
Spellcasting   | 3 |  3.0
Stealth        | |  2.0
Hexes          | |  0.4

Action                   |  1- 3 |  4- 6 || total
-------------------------+-------+-------++-------
Melee: Dagger            |    56 |   131 ||   187
       Unarmed           |     8 |       ||     8
       Kick              |     9 |    24 ||    33
       Peck              |     7 |    18 ||    25
 Cast: Summon Small Mamm |     8 |     7 ||    15
       Call Imp          |     3 |    10 ||    13
       Call Canine Famil |     1 |    10 ||    11
  Use: Scroll            |       |     2 ||     2
       Potion            |       |     2 ||     2
 Stab: Sleeping          |     5 |     1 ||     6
       Distracted        |       |     1 ||     1
Armor: Robe              |    16 |    14 ||    30
Dodge: Dodged            |    40 |    79 ||   119

Table legend: (Time is in decaauts)
 A = Elapsed time spent in this place.
 B = Non-inter-level travel time spent in this place.
 C = Inter-level travel time spent in this place.
 D = Time resting spent in this place.
 E = Time spent auto-exploring this place.
 F = Levels seen in this place.
 G = Mean time per level.
                   A        B        C        D        E       F      G
               +--------+--------+--------+--------+--------+-----+--------+
         Total |   4843 |   4609 |    234 |    649 |   3342 |   4 | 1210.8 |
       Dungeon |   4648 |   4414 |    234 |    649 |   3215 |   3 | 1549.3 |
         Sewer |    195 |    195 |      0 |      0 |    126 |   1 |  195.0 |
               +--------+--------+--------+--------+--------+-----+--------+

Top non-repeatable levels by time:
     D:2: 2192 daAuts
     D:1: 2063 daAuts
     D:3: 392 daAuts
   Sewer: 195 daAuts
